AoeStats
← minEng [Alca Torda]

Black Forest

510397557Analyzed
4v4 RM · 1d ago on Sep 30, 2026· 62m 48s· 8 players
Game mode
Random Map
Map size
Large (8 player)
Population
200
Speed
Normal
Resources
Standard
Victory
Conquest
Starting age
Dark Age
Ending age
Imperial Age
RankedLock teamsTeams togetherTeam positionsShared explorationLock speedFull tech treeHidden civsTurbo modeCheats
Victory
Defeat
🇫🇷 Hindustanis · France
805
+13
🇹🇷 Huns · Türkiye
765
+14
745
+15
🇨🇿 Britons · Czechia
681
+18
🇳🇱 Saxons · Netherlands
870
-21
🇬🇧 Turks · United Kingdom
738
-15
🇪🇸 Spanish · Spain
673
-13
🇳🇱 Tatars · Netherlands
628
-12
Leléu Antônio da Anunciação
12:10 Feudal Age
12:36 Double-Bit Axe
12:44 Horse Collar
23:54 Castle Age
21:59 Stone Mining
25:28 Caravan
27:42 Wheelbarrow
33:22 Heavy Plow
34:00 Tusk Swords
37:26 Bow Saw
39:28 Ballistics
44:40 Imperial Age
42:36 Hand Cart
43:14 Loom
43:15 Town Watch
45:27 Double Crossbow
45:09 Elite Ballista Elephant
49:00 Man-at-Arms
50:11 Long Swordsman
53:59 Chemistry
56:24 Crop Rotation
59:38 Herbal Medicine
60:19 Theocracy
62:08 Redemption
62:09 Fervor
62:20 Sanctity
62:28 Illumination
Gepardie
2:14 Loom
10:05 Feudal Age
11:27 Double-Bit Axe
19:14 Horse Collar
21:55 Castle Age
22:33 Fletching
24:10 Bow Saw
23:48 Crossbowman
26:43 Bodkin Arrow
27:29 Heavy Plow
29:47 Ballistics
33:08 Wheelbarrow
32:39 Gold Mining
32:43 Stone Mining
34:56 Yeomen
36:03 Caravan
36:17 Padded Archer Armor
38:51 Imperial Age
36:33 Town Watch
38:41 Leather Archer Armor
39:52 Bracer
40:23 Ring Archer Armor
39:26 Elite Longbowman
40:32 Conscription
42:09 Chemistry
41:17 Siege Engineers
40:53 Treadmill Crane
41:24 Masonry
41:13 Murder Holes
42:47 Squires
42:33 Arson
42:34 Gambesons
44:27 Warwolf
44:42 Forging
44:33 Scale Mail Armor
44:38 Scale Barding Armor
44:52 Hand Cart
44:43 Town Patrol
45:48 Two-Man Saw
44:26 Pikeman
44:27 Man-at-Arms
56:23 Fervor
59:09 Iron Casting
58:49 Chain Mail Armor
58:55 Chain Barding Armor
CendreMilieu818
11:05 Loom
12:51 Feudal Age
15:09 Double-Bit Axe
15:11 Horse Collar
16:55 Gold Mining
19:54 Castle Age
20:04 Stone Mining
22:53 Bow Saw
27:35 Scale Barding Armor
28:58 Gold Shaft Mining
30:11 Caravan
30:28 Heavy Plow
34:34 Ballistics
34:25 Fortified Wall
34:27 Masonry
36:50 Imperial Age
36:21 Chain Barding Armor
36:12 Forging
37:12 Grand Trunk Road
37:54 Conscription
37:46 Heavy Camel Rider
39:06 Iron Casting
39:45 Husbandry
42:28 Two-Man Saw
42:09 Stone Shaft Mining
43:19 Imperial Camel Rider
44:41 Plate Barding Armor
46:30 Chemistry
53:26 Hoardings
52:57 Shatagni
53:07 Shatagni
57:05 Blast Furnace
minEng [Alca Torda]
11:34 Feudal Age
10:27 Loom
16:03 Double-Bit Axe
16:03 Horse Collar
18:10 Arson
18:36 Scale Barding Armor
22:54 Castle Age
20:46 Loom
22:48 Forging
22:39 Scale Mail Armor
23:38 Wheelbarrow
27:52 Imperial Age
27:22 Husbandry
27:32 Bloodlines
28:19 Loom
31:00 Bow Saw
33:39 Two-Man Saw
33:17 Marauders
33:38 Conscription
35:33 Wheelbarrow
34:47 Town Watch
35:22 Heavy Plow
35:32 Town Patrol
36:16 Ballistics
36:56 Chemistry
37:06 Gold Mining
37:09 Stone Mining
37:54 Caravan
37:43 Elite Tarkan
39:16 Hand Cart
41:39 Chain Barding Armor
41:59 Iron Casting
43:35 Plate Barding Armor
43:20 Chain Mail Armor
45:08 Blast Furnace
44:09 Padded Archer Armor
44:00 Fletching
45:34 Gold Shaft Mining
59:44 Atheism
62:31 Leather Archer Armor
62:11 Bodkin Arrow
63:30 Masonry
63:16 Murder Holes
Pudgwes
1:48 Loom
12:23 Feudal Age
13:51 Wheelbarrow
12:59 Horse Collar
16:27 Double-Bit Axe
17:58 Fishing Lines
19:40 Gold Mining
20:07 Forging
19:59 Scale Mail Armor
20:34 Stone Mining
21:36 Scale Barding Armor
21:47 Padded Archer Armor
27:11 Castle Age
28:09 Gillnets
28:33 Caravan
29:56 Hand Cart
30:20 Gold Shaft Mining
30:46 Town Watch
32:15 Man-at-Arms
32:16 Pikeman
33:42 Squires
34:06 Long Swordsman
34:51 Husbandry
34:12 Light Cavalry
35:06 Bow Saw
39:49 Iron Casting
39:31 Leather Archer Armor
39:21 Heavy Plow
42:21 Murder Holes
42:22 Guard Tower
45:34 Imperial Age
44:00 Ballistics
44:47 Chain Barding Armor
45:32 Masonry
45:07 Treadmill Crane
47:06 Two-Handed Swordsman
47:07 Halberdier
47:10 Cavalier
49:12 Plate Barding Armor
50:22 Chemistry
52:56 Onager
xander.dijkstra
12:28 Feudal Age
14:28 Double-Bit Axe
16:17 Scale Mail Armor
15:40 Man-at-Arms
19:45 Castle Age
18:02 Gold Mining
18:03 Loom
21:24 Bow Saw
22:11 Gold Shaft Mining
21:18 Horse Collar
21:35 Gambesons
21:38 Arson
21:44 Arson
23:13 Town Watch
24:04 Wheelbarrow
25:43 Hand Cart
25:44 Squires
25:55 Heavy Plow
26:15 Chain Mail Armor
34:52 Imperial Age
32:30 Stone Mining
35:02 Elite Hearth Troop
35:44 Shield Wall
36:06 Onager
38:06 Crop Rotation
38:17 Ballistics
41:01 Caravan
klapausius
10:40 Feudal Age
13:49 Double-Bit Axe
15:56 Wheelbarrow
15:09 Man-at-Arms
23:10 Castle Age
21:38 Horse Collar
26:25 Heavy Plow
27:07 Bow Saw
27:14 Gold Mining
27:56 Loom
29:39 Fortified Wall
29:50 Ballistics
30:25 Caravan
35:28 Imperial Age
34:48 Fervor
35:04 Hand Cart
34:46 Stone Mining
35:42 Husbandry
35:53 Bloodlines
35:06 Pikeman
35:47 Squires
35:32 Gambesons
36:40 Conscription
37:32 Chemistry
36:51 Halberdier
37:45 Cavalier
40:52 Scale Mail Armor
41:23 Block Printing
41:34 Illumination
41:44 Theocracy
41:14 Inquisition
42:31 Paladin
44:43 Chain Mail Armor
44:33 Scale Barding Armor
44:30 Padded Archer Armor
44:20 Fletching
46:08 Plate Mail Armor
51:36 Chain Barding Armor
51:31 Leather Archer Armor
51:12 Bodkin Arrow
51:28 Forging
53:11 Elite Conquistador
56:48 Stone Shaft Mining
57:16 Two-Man Saw
57:43 Iron Casting
57:09 Bracer
57:40 Ring Archer Armor
57:45 Plate Barding Armor
Miss Priss
0:29 Loom
12:40 Feudal Age
13:23 Double-Bit Axe
13:24 Fishing Lines
14:24 Horse Collar
18:51 Wheelbarrow
23:10 Castle Age
21:09 Gold Mining
21:10 Stone Mining
21:24 Stone Mining
26:16 Bow Saw
26:52 Gold Shaft Mining
27:17 Caravan
28:35 Forging
28:25 Scale Mail Armor
29:54 Gillnets
30:01 Fletching
30:49 Iron Casting
30:14 Scale Mail Armor
30:37 Hand Cart
36:12 Imperial Age
33:31 Town Watch
34:43 Fortified Wall
35:47 Heavy Plow
36:11 Chain Mail Armor
36:02 Scale Barding Armor
36:10 Town Patrol
37:42 Elite Janissary
38:43 Conscription
40:51 Man-at-Arms
41:31 Squires
41:17 Arson
43:35 Blast Furnace
43:06 Plate Mail Armor
42:56 Chain Barding Armor
43:35 Long Swordsman
45:29 Two-Handed Swordsman
47:51 Chain Barding Armor
47:01 Cavalier
47:41 Husbandry
47:52 Bloodlines
48:15 Champion
Connection lost

Rejoining the realm…

Still unreachable

The connection could not be restored.

Session expired

The server has moved on; the page needs a fresh start.